 Dungeon Crawl Stone Soup version 0.30-a0-371-gad7725a93e (webtiles) character file.

Game seed: 9717888456483500286

257 Haldmier the Magician (level 6, -3/41 HPs)
             Began as a Human Hedge Wizard on Nov 22, 2022.
             Killed from afar by an oklob sapling (26 damage)
             ... with a splash of acid
             ... on level 4 of the Dungeon.
             The game lasted 00:22:48 (4379 turns).

Haldmier the Magician (Human Hedge Wizard)          Turns: 4379, Time: 00:22:49

Health: -3/41      AC:  3    Str: 10    XL:     6   Next: 39%
Magic:  11/11      EV: 12    Int: 16    God:
Gold:   169        SH:  0    Dex: 13    Spells: 0/11 levels left

rFire   . . .      SeeInvis .    a - staff of poison
rCold   + . .      Faith    .    (no shield)
rNeg    . . .      Spirit   .    x - +0 leather armour
rPois   +          Reflect  .    c - +0 hat
rElec   .          Harm     .    (no cloak)
rCorr   .          Rampage  .    (no gloves)
Will    .....                    (no boots)
Stlth   ++........               (no amulet)
HPRegen 0.26/turn                q - ring of protection from cold
MPRegen 0.12/turn                t - ring of wizardry

@: no status effects
A: no striking features
a: no special abilities


You were on level 4 of the Dungeon.
You visited 1 branch of the dungeon, and saw 4 of its levels.

You collected 169 gold pieces.

Inventory:

Hand Weapons
 f - a +0 spear
 v - a +0 dagger
Armour
 b - a +0 robe
 c - a +0 hat (worn)
 x - a +0 leather armour (worn)
 z - a +0 ring mail
Magical Staves
 a - a staff of poison (weapon)
Jewellery
 p - an amulet of faith
 q - a ring of protection from cold (left hand)
 t - a ring of wizardry (right hand)
Scrolls
 e - a scroll of amnesia {unknown}
 h - a scroll of acquirement {unknown}
 i - 3 scrolls of noise {unknown}
 l - 2 scrolls of identify {unknown}
 n - a scroll of vulnerability {unknown}
 o - a scroll of torment {unknown}
 r - a scroll of blinking {unknown}
 y - a scroll of enchant weapon {unknown}
 A - a scroll of immolation {unknown}
Potions
 d - 2 potions of magic
 g - 2 potions of curing {unknown}
 j - 2 potions of brilliance {unknown}
 k - a potion of flight {unknown}
 m - 2 potions of lignification {unknown}
 s - a potion of degeneration {unknown}
 u - a potion of haste {unknown}
 w - a potion of berserk rage {unknown}


   Skills:
 + Level 2.7 Dodging
 + Level 2.8 Stealth
 + Level 3.4 Spellcasting
 + Level 2.1 Conjurations
 + Level 1.4 Hexes
 + Level 2.2 Summonings
 + Level 1.4 Necromancy
 + Level 2.0 Translocations
 + Level 1.2 Air Magic
 + Level 1.1 Poison Magic


You couldn't memorise any spells.
You knew the following spells:

 Your Spells              Type           Power      Damage    Failure   Level
a - Magic Dart            Conj           36%        1d4       4%          1
b - Slow                  Hex            28%        N/A       5%          1
c - Call Imp              Summ           10%        N/A       6%          2
d - Blink                 Tloc           18%        N/A       6%          2
e - Cigotuvi's Dreadful   Necr/Pois/Air  20%        N/A       9%          2
f - Mephitic Cloud        Conj/Pois/Air  11%        N/A       16%         3

Your spell library contained the following spells:

 Spells                   Type           Power      Damage    Failure   Level


Dungeon Overview and Level Annotations

Branches:
Dungeon (4/15)             Temple (0/1) D:4

Altars:

Shops:
D:1 *

Annotations:
D:3 3 runed translucent doors, Notanamesir's ghost, amateur HOMo
D:4 exclusion: oklob sapling


Message History

The magic dart hits the quokka.
You kill the quokka!
You start resting.
HP restored.
Really walk into a travel-excluded area?
There is an open door here.
Items here: $ ) ? ††.
Press: ? - help, v - describe, . - travel
Here: an oklob sapling (unaware, hasn't noticed you)
The floor.
Casting: Magic Dart (safe; 4% risk of failure)
Confirm with . or Enter, or press ? or * to list all spells.
Okay, then.
You see here a quokka skeleton.
This spell is dangerous to cast!
Memorise Mephitic Cloud, consuming 3 spell levels and leaving 0?
You start memorising the spell.
You continue memorising. x3
You finish memorising.
Spell assigned to 'f'.
Really walk into a travel-excluded area?
There is an open door here.
Items here: $ ) ? ††.
Casting: Magic Dart (safe; 4% risk of failure)
Confirm with . or Enter, or press ? or * to list all spells.
You can't see any susceptible monsters within range! (Use Z to cast anyway.)
Casting: Magic Dart (safe; 4% risk of failure)
Confirm with . or Enter, or press ? or * to list all spells.
You can't see any susceptible monsters within range! (Use Z to cast anyway.)
Casting: Magic Dart (safe; 4% risk of failure)
Confirm with . or Enter, or press ? or * to list all spells.
You can't see any susceptible monsters within range! (Use Z to cast anyway.)
You see here a +0 club.
Casting: Magic Dart (safe; 4% risk of failure)
Confirm with . or Enter, or press ? or * to list all spells.
You can't see any susceptible monsters within range! (Use Z to cast anyway.)
The oklob sapling spits acid at you. The splash of acid hits you!!
The oklob sapling spits acid at you. The splash of acid hits you!!
Ouch! That really hurt!
You die...

#. #. #.#
###..#####
.........
######...####
###
.........÷<.#...
########)####.#
#....†@....####.
#........#....'.
#.......).....P.
#...............
#####'#..P..P...
#.##.PP.>...
#.###....PP. #.
...P... P.P..P.


You could see an oklob sapling.

Vanquished Creatures
  A howler monkey (D:3)
  Natasha (D:2)
  4 adders
  A worm (D:3)
  2 endoplasms (D:1)
  5 giant cockroaches
  6 hobgoblins
  4 quokkas
  6 ball pythons
  4 bats
  7 goblins
  5 kobolds
  5 rats
51 creatures vanquished.

Vanquished Creatures (collateral kills)
  A necrophage (D:4)
  Natasha (D:2)
  An adder (D:4)
  2 worms
  A hobgoblin (D:3)
6 creatures vanquished.

Vanquished Creatures (others)
  16 plants (D:4)
16 creatures vanquished.

Grand Total: 73 creatures vanquished

Notes
Turn   | Place    | Note
-------+----------+-------------------------------------------
     0 | D:1      | Haldmier the Human Hedge Wizard began the quest for the
                  | Orb.
     0 | D:1      | Reached XP level 1. HP: 13/13 MP: 4/4
     2 | D:1      | Learned a level 1 spell: Slow
   229 | D:1      | Found Amonku's Assorted Antiques.
   290 | D:1      | Reached XP level 2. HP: 15/19 MP: 1/6
   343 | D:1      | Learned a level 2 spell: Call Imp
   940 | D:1      | Reached XP level 3. HP: 24/24 MP: 3/7
  1341 | D:1      | Learned a level 2 spell: Blink
  1344 | D:1      | Learned a level 2 spell: Cigotuvi's Dreadful Rot
  1783 | D:2      | Noticed Natasha
  1800 | D:2      | Killed Natasha
  1801 | D:2      | Reached XP level 4. HP: 19/30 MP: 1/8
  2076 | D:2      | Noticed Natasha
  2082 | D:2      | Killed Natasha
  2083 | D:2      | Reached skill level 1 in Hexes
  2251 | D:3      | Reached XP level 5. HP: 35/35 MP: 6/9
  2721 | D:3      | Reached skill level 1 in Necromancy
  2789 | D:3      | Found a runed translucent gate.
  2789 | D:3      | Found a runed translucent gate.
  2790 | D:3      | Found a runed translucent gate.
  2801 | D:3      | Noticed Notanamesir's ghost (amateur HOMo)
  3446 | D:4      | Reached skill level 1 in Air Magic
  3446 | D:4      | Reached skill level 1 in Poison Magic
  3446 | D:4      | Reached XP level 6. HP: 28/41 MP: 2/11
  3973 | D:4      | Noticed an ogre
  4184 | D:4      | Found a staircase to the Ecumenical Temple.
  4374 | D:4      | Learned a level 3 spell: Mephitic Cloud
  4379 | D:4      | Killed from afar by an oklob sapling

Illustrated notes

Levels and vault maps discovered:
D:1:      dpeg_arrival_concentric_ovals, layout_basic, serial_shops,
          nicolae_lakefront_shop, minmay_ruptured
D:2:      layout_loops_cross, uniq_natasha
D:3:      layout_basic, ebering_ghost_rock_garden
D:4:      layout_basic, marbit_many_paths, minmay_temple_entry_oklob,
          minivault_4

Skill      XL: |  1  2  3  4  5  6 |
---------------+-------------------+-----
Hexes          | 1 |  1.4
Summonings     | 2 |  2.2
Necromancy     | 1 |  1.4
Air Magic      | 1 |  1.2
Poison Magic   | 1 |  1.1
Conjurations   | 2 |  2.1
Translocations | 2 |  2.0
Dodging        | |  2.7
Stealth        | |  2.8
Spellcasting   | |  3.4

Action                   |  1- 3 |  4- 6 || total
-------------------------+-------+-------++-------
Melee: Dagger            |    13 |     4 ||    17
       Spear             |    16 |    22 ||    38
       Staff             |       |    15 ||    15
 Cast: Magic Dart        |    72 |    98 ||   170
       Call Imp          |     3 |    10 ||    13
       Blink             |       |     2 ||     2
 Stab: Sleeping          |       |     1 ||     1
Armor: Robe              |     8 |     3 ||    11
       Leather armour    |       |    12 ||    12
Dodge: Dodged            |    24 |    45 ||    69

Table legend: (Time is in decaauts)
 A = Elapsed time spent in this place.
 B = Non-inter-level travel time spent in this place.
 C = Inter-level travel time spent in this place.
 D = Time resting spent in this place.
 E = Time spent auto-exploring this place.
 F = Levels seen in this place.
 G = Mean time per level.
                   A        B        C        D        E       F      G
               +--------+--------+--------+--------+--------+-----+--------+
         Total |   4399 |   4252 |    147 |   1558 |   1435 |   4 | 1099.8 |
       Dungeon |   4399 |   4252 |    147 |   1558 |   1435 |   4 | 1099.8 |
               +--------+--------+--------+--------+--------+-----+--------+

Top non-repeatable levels by time:
     D:3: 1427 daAuts
     D:1: 1345 daAuts
     D:2: 1039 daAuts
     D:4: 586 daAuts
